 Dungeon Crawl Stone Soup version 0.26.0-91-g99b343417d (webtiles) character file.

Game seed: 8664494248212719570

169664 RepoMan the Severer (level 17, -2/162 HPs)
             Began as a Palentonga Berserker on Feb 1, 2021.
             Was a High Priest of Trog.
             Slain by a salamander
             ... wielding a +0 trident
              (12 damage)
             ... on level 1 of the Snake Pit on Feb 3, 2021.
             The game lasted 04:51:15 (41197 turns).

RepoMan the Severer (Palentonga Berserker)         Turns: 41197, Time: 04:51:16

Health: -2/162     AC: 22    Str: 28    XL:     17   Next: 10%
Magic:  4/17       EV: 11    Int:  5    God:    Trog [*****.]
Gold:   227        SH:  5    Dex: 10    Spells: 16/16 levels left

rFire    + . .     SeeInvis +   e - +4 battleaxe (flame)
rCold    + + .     Faith    .   (shield currently unavailable)
rNeg     . . .     Spirit   .   N - +3 chain mail {rPois}
rPois    +         Reflect  +   n - +0 helmet of Altruism {Harm rC+ Slay+3}
rElec    .         Harm     +   s - scarf {rC+ rF+}
rCorr    +         Rampage  .   (no gloves)
Will     ++...                  (no barding)
Stlth    ..........             b - amulet of reflection
HPRegen  0.37/turn              M - ring of willpower
MPRegen  0.15/turn              k - ring of resist corrosion

@: curled up
A: large, rugged brown scales 3, see invisible, deformed body, dopey 1, roll 1,
armoured tail, reflexive curl
}: 1/15 runes: decaying
a: Rolling Charge, Renounce Religion, Berserk, Trog's Hand, Brothers in Arms


You were on level 1 of the Snake Pit.
You worshipped Trog.
Trog was extremely pleased with you.
You visited 5 branches of the dungeon, and saw 28 of its levels.
You also visited: Gauntlet.

You collected 3794 gold pieces.
You spent 3567 gold pieces at shops.

Inventory:

Hand Weapons
 d - a +5 vorpal executioner's axe
 e - a +4 battleaxe of flaming (weapon)
Missiles
 p - a throwing net
 u - 42 boomerangs
Armour
 f - the cursed +0 pair of gloves of Anaesthesia {rElec Dex+3 Slay+2}
   (You took it off Nikola on level 1 of the Snake Pit)

   It affects your dexterity (+3).
   It affects your accuracy and damage with ranged weapons and melee attacks
   (+2).
   It insulates you from electricity.
   It has a curse placed upon it.
 i - a +9 crystal plate armour
 n - the +0 helmet of Altruism (worn) {Harm rC+ Slay+3}
   (You found it in a Gauntlet)

   It affects your accuracy and damage with ranged weapons and melee attacks
   (+3).
   It protects you from cold.
   It increases damage dealt and taken.
 s - a scarf of resistance (worn)
 N - a +3 chain mail of poison resistance (worn)
 O - a +1 pair of gloves of strength
Jewellery
 b - an amulet of reflection (around neck)
 k - a ring of resist corrosion (right hand)
 M - a ring of willpower (left hand)
Wands
 a - a wand of random effects (56)
 j - a wand of flame (26)
 q - a wand of paralysis (21)
 r - a wand of disintegration (19)
 D - a wand of iceblast (6)
 J - a wand of acid (1)
 K - a wand of digging (6)
 Q - a wand of polymorph (22)
 W - a wand of enslavement (1)
Scrolls
 c - 16 scrolls of teleportation
 g - a scroll of silence
 l - a scroll of magic mapping
 t - 4 scrolls of remove curse
 x - 2 scrolls of holy word
 G - a scroll of vulnerability {unknown}
 H - a scroll of fog
 I - 2 scrolls of immolation
 S - a scroll of summoning {unknown}
 T - a scroll of torment {unknown}
Potions
 h - 4 potions of curing
 v - a potion of resistance
 w - 2 potions of berserk rage
 A - 6 potions of flight
 B - a potion of cancellation
 C - 2 potions of magic
 E - 3 potions of lignification
 F - 2 potions of mutation
 L - 3 potions of attraction
 X - 7 potions of ambrosia
Miscellaneous
 y - a condenser vane


   Skills:
 + Level 14.2 Fighting
 * Level 15.8(17.2) Axes
 - Level 11.9(15.3) Maces & Flails
 + Level 12.1 Armour
 + Level 12.1 Dodging


You had 16 spell levels left.
You didn't know any spells.
Your spell library was empty.

Dungeon Overview and Level Annotations

Branches:
Dungeon (15/15)            Temple (0/1) D:7            Lair (6/6) D:9
  Swamp (4/4) Lair:4        Snake (1/4) Lair:4        Slime (0/5) Lair:6
    Orc (2/2) D:11            Elf (0/3) Orc:2        Vaults (0/5) D:13
 Depths (0/5) D:15        Gauntlet (visited)

Altars:
Cheibriados
Dithmenos
Gozag
Kikubaaqudgha
Makhleb
Okawaru
Qazlal
Trog
Uskayaw
Vehumet
Wu Jian
Xom
Yredelemnul
The Shining One
Beogh
Jiyva

Shops:
D:4 *   D:7 }   D:12 *   D:14 =   Orc:1 =   Orc:2 *[[:[

Portals:
Trove: D:12 (give +3 gold dragon scales)

Annotations:
D:10 5 runed translucent doors
Snake:1 Aizul


Innate Abilities, Weirdness & Mutations

You are completely covered in rugged brown scales. (AC +3, +7% HP)
You have supernaturally acute eyesight. (SInv)
Armour fits poorly on your strangely shaped body.
You can roll at nearby foes to attack.
You have a long armoured tail.
You curl defensively after being hit.
You are dopey. (Int -2)


Message History

The scroll dissolves into smoke.
Aizul coils herself and waves her upper body at you.
The poison arrow hits you!!
You are poisoned.
You partially resist.
* * * LOW HITPOINT WARNING * * *
The salamander hits you with a +0 trident.
* * * LOW HITPOINT WARNING * * *
You are engulfed in flames.
You resist.
* * * LOW HITPOINT WARNING * * *
Unknown command.
You feel better.
The salamander hits you with a +0 trident.
* * * LOW HITPOINT WARNING * * *
You are engulfed in flames.
You resist.
* * * LOW HITPOINT WARNING * * *
Unknown command.
The salamander hits you but does no damage.
The salamander hits you from afar with a +0 trident!
You die...

....... #.S........
.......###....#.........
......................[.
#....).................
..###§§§§§§§..........?
#......§§§§§§....[).....
#......§§§N§.......(....
##..##..§§§[.##..[(...$#
## ##.§§.@....<......#
##..#.............
#.####(......##### ##
#########


You could see a salamander.

Vanquished Creatures
  Nikola (Snake:1)
  Rupert (D:14)
  Asterion (Lair:4)
  Gastronok (D:9)
  The ghost of oldnick the Brawler, a journeyman TrMo of the Shining One (D:12)
  6 bunyips
  A minotaur (Gauntlet)
  Snorg (D:13)
  A fire dragon (Lair:6)
  2 eleionomae (Swamp:3)
  A yaktaur captain (D:15)
  The ghost of BOMJPIETVODKU the Carver, a journeyman HOFi of Gozag (D:9)
  Harold (Lair:2)
  10 hydras
  2 ice dragons (Swamp:4)
  2 boulder beetles
  A naga warrior (Snake:1)
  2 vault guards (D:13)
  8 centaur warriors
  2 ghost crabs
  A two-headed ogre (D:10)
  A tengu warrior (D:15)
  2 catoblepae (Lair:2)
  3 death yaks (Lair:6)
  8 alligators
  A fire crab (Lair:6)
  3 goliath frogs
  A wretched star (Gauntlet)
  4 spriggan druids
  12 orc knights
  4 unseen horrors
  A wolf spider zombie (D:14)
  A wizard (D:13)
  5 bog bodies
  8 swamp dragons
  2 mana vipers
  Pikel (D:4)
  3 necromancers
  A harpy (shapeshifter) (D:12)
  5 oklob plants
  13 ugly things
  6 cyclopes
  A salamander (Snake:1)
  2 manticores
  5 will-o-the-wisps
  An orc sorcerer (Orc:2)
  19 elephants
  12 black mambas
  Maurice (D:11)
  2 molten gargoyles (Lair:6)
  A guardian serpent (Lair:4)
  Psyche (D:10)
  A naga mage (Snake:1)
  2 torpor snails
  2 gargoyles
  9 cane toads
  A rime drake (Lair:6)
  4 freezing wraiths (Swamp:4)
  2 kobold demonologists
  14 komodo dragons
  A tengu conjurer (D:15)
  9 trolls
  A queen bee (D:15)
  3 hornets
  A queen bee (shapeshifter) (D:15)
  A polar bear (Lair:6)
  5 tyrant leeches
  Prince Ribbit (D:6)
  3 meliai (D:15)
  13 blink frogs
  8 slime creatures
  20 dream sheep
  Sigmund (D:6)
  3 spriggans
  53 yaks
  A wraith (D:12)
  A vampire (D:15)
  2 water elementals
  3 shadows (Gauntlet)
  19 humans (D:13)
  8 wyverns
  4 steam dragons
  4 basilisks (Lair:6)
  3 chaos spawn (Gauntlet)
  2 neqoxecs (Gauntlet)
  3 swamp worm simulacra (Swamp:4)
  5 vampire mosquitoes
  5 nagas (Snake:1)
  Menkaure (D:6)
  7 wargs
  9 swamp worms
  12 hydra simulacra (Swamp:4)
  4 hell hounds (Lair:6)
  A soldier ant (D:12)
  14 water moccasins
  49 orc warriors
  7 sky beasts
  2 swamp drakes
  3 black bears
  2 ice beasts
  2 eyes of draining
  6 ogres
  A necrophage (D:11)
  6 wolves
  9 centaurs
  4 big kobolds
  20 bullfrogs
  Blork the orc (D:6)
  2 wyvern skeletons
  2 scorpions
  A water moccasin skeleton (D:9)
  26 killer bees
  9 wights
  4 electric eels
  6 howler monkeys
  A bullfrog zombie (D:10)
  5 lava snakes (Lair:6)
  4 quasits
  A bullfrog skeleton (D:4)
  4 centaur skeletons
  2 hounds
  5 centaur zombies
  17 orc priests
  5 jellies
  23 orc wizards
  6 iguanas
  9 worker ants
  6 hell rats (Lair:6)
  3 polar bear simulacra (Lair:5)
  3 yak simulacra (Lair:5)
  3 wolf simulacra (Lair:5)
  A bullfrog simulacrum (D:12)
  2 hound zombies
  7 gnolls
  9 adders
  A white imp (D:8)
  An ufetubus (D:9)
  2 oozes (D:3)
  4 swamp drake simulacra (Swamp:4)
  An adder skeleton (D:6)
  A worm (D:2)
  10 leopard geckos
  116 orcs
  3 ball pythons
  4 bats
  5 giant cockroaches
  2 gnoll zombies (D:7)
  9 goblins
  10 hobgoblins
  6 quokkas
  4 frilled lizards
  19 kobolds
  A leopard gecko zombie (D:5)
  2 rats (D:1)
  2 river rat simulacra (Lair:5)
924 creatures vanquished.

Vanquished Creatures (collateral kills)
  2 shambling mangroves
  A hydra (Swamp:1)
  An ice dragon (Swamp:4)
  3 alligators
  A goliath frog (Swamp:1)
  A spriggan druid (Swamp:2)
  A swamp dragon (Swamp:3)
  A will-o-the-wisp (Swamp:3)
  A tyrant leech (Swamp:3)
  3 hornets (Swamp:1)
  A spriggan (Swamp:2)
  A swamp worm simulacrum (Swamp:4)
  A vampire mosquito (Swamp:1)
  A scorpion (D:8)
19 creatures vanquished.

Vanquished Creatures (others)
  An alligator (Swamp:4)
  A swamp dragon (Swamp:2)
  A spriggan druid (Swamp:2)
  A mana viper (Snake:1)
  A bloated husk (Swamp:4)
  2 hornets (Swamp:2)
  3 spriggans (Swamp:2)
  A steam dragon (D:6)
  A naga (Snake:1)
  A swamp drake (Swamp:2)
  3 killer bees (D:15)
  A jelly (D:9)
  An adder (D:8)
  An orc (D:10)
  4 demonic plants (Gauntlet)
  30 foxfires
  41 fungi
  81 plants
175 creatures vanquished.

Grand Total: 1118 creatures vanquished

Notes
Turn   | Place    | Note
-------+----------+-------------------------------------------
     0 | D:1      | RepoMan the Palentonga Berserker began the quest for the
                  | Orb.
     0 | D:1      | Reached XP level 1. HP: 20/20 MP: 1/1
   331 | D:1      | Reached XP level 2. HP: 17/27 MP: 2/2
   995 | D:2      | Reached XP level 3. HP: 24/33 MP: 3/3
  1110 | D:2      | Found a shimmering altar of Xom.
  1110 | D:2      | Found a radiant altar of Vehumet.
  1128 | D:2      | Reached ** piety under Trog
  1716 | D:3      | Reached XP level 4. HP: 40/40 MP: 4/4
  1766 | D:3      | Found an iron altar of Okawaru.
  2184 | D:3      | Reached XP level 5. HP: 49/49 MP: 5/5
  2492 | D:4      | Found Gaxkux's Serpentskin Sales.
  2492 | D:4      | Noticed a water moccasin
  2492 | D:4      | Noticed a water moccasin
  2502 | D:4      | Killed a water moccasin
  2505 | D:4      | Killed a water moccasin
  2506 | D:4      | Reached skill level 5 in Maces & Flails
  2506 | D:4      | Reached XP level 6. HP: 55/55 MP: 6/6
  2894 | D:4      | Found a snail-covered altar of Cheibriados.
  2894 | D:4      | Found an opulent altar of Gozag.
  2925 | D:4      | Found a burning altar of Makhleb.
  2925 | D:4      | Found an ancient bone altar of Kikubaaqudgha.
  2940 | D:4      | Reached *** piety under Trog
  3412 | D:5      | Entered Level 5 of the Dungeon
  3476 | D:5      | Gained mutation: You curl defensively after being hit.
                  | [Palentonga growth]
  3476 | D:5      | Reached XP level 7. HP: 60/64 MP: 7/7
  3790 | D:5      | Noticed Pikel
  3815 | D:4      | Killed Pikel
  3816 | D:4      | Reached skill level 5 in Fighting
  3851 | D:5      | Reached XP level 8. HP: 60/72 MP: 8/8
  4502 | D:6      | Noticed Blork the orc
  4524 | D:6      | Killed Blork the orc
  4573 | D:6      | Noticed Menkaure
  4587 | D:6      | Killed Menkaure
  4766 | D:6      | Noticed Sigmund
  4786 | D:6      | Killed Sigmund
  4983 | D:6      | Reached XP level 9. HP: 52/80 MP: 9/9
  5205 | D:6      | Found an ornate altar of the Wu Jian Council.
  5364 | D:6      | Noticed Prince Ribbit
  5379 | D:6      | Killed Prince Ribbit
  5811 | D:7      | Found a basalt altar of Yredelemnul.
  5827 | D:7      | Found a shadowy altar of Dithmenos.
  5852 | D:7      | Found a staircase to the Ecumenical Temple.
  6067 | D:7      | Found Cibam's Gadget Boutique.
  6187 | D:7      | Found a glowing golden altar of the Shining One.
  6441 | D:8      | Found a basalt altar of Yredelemnul.
  6500 | D:8      | Reached skill level 5 in Dodging
  6505 | D:8      | Reached skill level 5 in Armour
  6507 | D:8      | Reached **** piety under Trog
  6552 | D:8      | Found a hide-covered altar of Uskayaw.
  6678 | D:8      | You fall into a shaft and drop 2 floors!
  6678 | D:10     | Entered Level 10 of the Dungeon
  7105 | D:10     | Found the +9 staff of Olgreb {rPois∞}
  7106 | D:10     | Found a runed translucent door.
  7123 | D:10     | Found a runed translucent door.
  7128 | D:10     | Found a runed translucent gate.
  7128 | D:10     | Found a runed translucent gate.
  7139 | D:10     | Found a runed translucent gate.
  7339 | D:10     | Noticed a two-headed ogre
  7355 | D:10     | Killed a two-headed ogre
  7356 | D:10     | Reached XP level 10. HP: 57/92 MP: 10/10
  7794 | D:10     | Noticed a gargoyle
  7815 | D:10     | Killed a gargoyle
  7816 | D:10     | Reached skill level 10 in Maces & Flails
  8026 | D:10     | Noticed an unseen horror
  8028 | D:10     | Killed an unseen horror
  8667 | D:10     | Noticed Psyche
  8674 | D:10     | Killed Psyche
  9139 | D:9      | Found a staircase to the Lair.
  9139 | D:9      | You fall into a shaft and drop 1 floor!
  9307 | D:9      | Noticed Gastronok
  9323 | D:9      | Killed Gastronok
  9324 | D:9      | Reached XP level 11. HP: 78/100 MP: 11/11
 10049 | D:9      | Reached ***** piety under Trog
 10122 | D:9      | Noticed BOMJPIETVODKU's ghost (journeyman HOFi)
 10124 | D:9      | Found a runed translucent gate.
 10124 | D:9      | Found a runed translucent gate.
 10124 | D:9      | Found a runed translucent gate.
 10125 | D:9      | Found a viscous altar of Jiyva.
 10212 | D:9      | Killed BOMJPIETVODKU's ghost
 10853 | D:8      | Found a stormy altar of Qazlal.
 10865 | D:8      | Found a bloodstained altar of Trog.
 11003 | Lair:1   | Entered Level 1 of the Lair of Beasts
 12077 | Lair:1   | Reached skill level 1 in Axes
 12343 | Lair:1   | Reached skill level 2 in Axes
 12575 | Lair:1   | You fall into a shaft and drop 1 floor!
 12614 | Lair:2   | Noticed a four-headed hydra
 12625 | Lair:2   | Killed a one-headed hydra
 12626 | Lair:2   | Reached skill level 3 in Axes
 12626 | Lair:2   | Noticed Harold
 12634 | Lair:2   | Noticed a catoblepas
 12655 | Lair:2   | Killed a catoblepas
 12656 | Lair:2   | Killed Harold
 12657 | Lair:2   | Reached skill level 4 in Axes
 12657 | Lair:2   | Reached XP level 12. HP: 28/112 MP: 12/12
 13727 | Lair:2   | Reached skill level 5 in Axes
 13776 | Lair:2   | Got a dazzling chain mail
 13777 | Lair:2   | Identified the +3 chain mail "Biesir" {-Cast Harm *Slow
                  | Dex+8} (You found it on level 2 of the Lair of Beasts)
 14379 | Lair:2   | Noticed a catoblepas
 14395 | Lair:2   | Killed a catoblepas
 14396 | Lair:2   | Reached skill level 6 in Axes
 14724 | Lair:2   | Upgraded the game from 0.26.0-57-g60708a5e39 to
                  | 0.26.0-90-g5fd8617961
 14950 | Lair:3   | Reached skill level 10 in Fighting
 15833 | Lair:4   | Reached skill level 7 in Axes
 16007 | Lair:4   | Found a staircase to the Snake Pit.
 16007 | Lair:4   | Found a bloodstained altar of Trog.
 16112 | Lair:4   | Found a staircase to the Swamp.
 16191 | Lair:4   | Found a transporter.
 16389 | Lair:4   | Reached XP level 13. HP: 121/121 MP: 13/13
 16392 | Lair:4   | Reached skill level 8 in Axes
 16619 | Lair:4   | Found a transporter.
 17033 | D:4      | Bought a +0 plate armour of poison resistance for 297 gold
                  | pieces
 17826 | Lair:5   | Reached skill level 9 in Axes
 17898 | Lair:5   | Received a gift from Trog
 18897 | Lair:6   | Entered Level 6 of the Lair of Beasts
 18936 | Lair:6   | Found a staircase to the Slime Pits.
 19295 | Lair:6   | Found a viscous altar of Jiyva.
 19545 | Lair:6   | Reached skill level 10 in Axes
 20338 | Lair:6   | Received a gift from Trog
 20339 | Lair:6   | Reached XP level 14. HP: 49/132 MP: 14/14
 21065 | Lair:6   | Reached skill level 11 in Axes
 21617 | Lair:6   | Found a large runed translucent door.
 21617 | Lair:6   | Found a large runed translucent door.
 22098 | Lair:6   | Found a glowing golden altar of the Shining One.
 22389 | Lair:6   | Reached skill level 10 in Armour
 22389 | Lair:6   | Reached skill level 10 in Dodging
 23308 | D:11     | Noticed Maurice
 23318 | D:11     | Killed Maurice
 23331 | D:11     | Received a gift from Trog
 23617 | D:11     | Found a staircase to the Orcish Mines.
 24655 | D:12     | Found a portal to a secret trove of treasure.
 24684 | D:12     | Reached skill level 12 in Axes
 24918 | D:12     | Received a gift from Trog
 25118 | D:12     | Found a runed translucent gate.
 25118 | D:12     | Found a runed translucent gate.
 25118 | D:12     | Found a runed translucent gate.
 25129 | D:12     | Found an opulent altar of Gozag.
 25130 | D:12     | Noticed oldnick's ghost (journeyman TrMo)
 25135 | D:12     | Found Hulej's Assorted Antiques.
 25277 | D:12     | Killed oldnick's ghost
 26173 | D:13     | Got an encrusted rapier
 26278 | D:13     | Found a gate to the Vaults.
 26290 | D:13     | Reached XP level 15. HP: 130/143 MP: 15/15
 26797 | D:13     | Noticed Snorg
 26807 | D:13     | Killed Snorg
 27050 | D:13     | Received a gift from Trog
 27447 | D:14     | Upgraded the game from 0.26.0-90-g5fd8617961 to
                  | 0.26.0-91-g99b343417d
 27612 | D:14     | Reached skill level 13 in Axes
 27889 | D:14     | Got a vibrating silver ring
 27890 | D:14     | Identified the ring "Zoidin" {MP+9 Int-3 Dex+10} (You found
                  | it on level 14 of the Dungeon)
 27939 | D:14     | Found Qyxzykh's Jewellery Emporium.
 28148 | D:14     | Noticed Rupert
 28179 | D:14     | Killed Rupert
 28421 | D:15     | Entered Level 15 of the Dungeon
 29555 | D:15     | Found a staircase to the Depths.
 30404 | Swamp:1  | Entered Level 1 of the Swamp
 30506 | Swamp:1  | Reached skill level 14 in Axes
 30520 | Swamp:1  | Received a gift from Trog
 30524 | Swamp:1  | Got a crude rapier {god gift}
 30782 | Swamp:1  | Got a dazzling war axe
 30800 | Swamp:1  | Identified the +8 war axe "Kemu" {distort, +Inv} (You found
                  | it on level 1 of the Swamp)
 30818 | Swamp:1  | You fall into a shaft and drop 1 floor!
 30884 | Swamp:2  | Reached XP level 16. HP: 75/154 MP: 16/16
 35119 | Orc:1    | Entered Level 1 of the Orcish Mines
 35119 | Orc:1    | Found a bloodstained altar of Trog.
 35194 | Orc:1    | Found Tepn's Jewellery Shoppe.
 35959 | Orc:2    | Entered Level 2 of the Orcish Mines
 35959 | Orc:2    | Found Ynuxkuus's General Store.
 35999 | Orc:2    | Found a gate leading to a gauntlet.
 36003 | Orc:2    | Received a gift from Trog
 36019 | Gauntlet | Entered a Gauntlet
 36019 | Gauntlet | Found a transporter.
 36019 | Gauntlet | Found a runed translucent gate.
 36019 | Gauntlet | Found a runed translucent gate.
 36021 | Gauntlet | Found a runed translucent gate.
 36026 | Gauntlet | Found a transporter.
 36028 | Gauntlet | Found a transporter.
 36036 | Gauntlet | Found a transporter.
 36039 | Gauntlet | Found a transporter.
 36046 | Gauntlet | Found a transporter.
 36063 | Gauntlet | Found a transporter.
 36071 | Gauntlet | Found a runed translucent door.
 36074 | Gauntlet | Found a transporter.
 36084 | Gauntlet | Found a transporter.
 36099 | Gauntlet | Found a transporter.
 36114 | Gauntlet | Found a transporter.
 36114 | Gauntlet | Found a transporter.
 36201 | Gauntlet | Found a transporter.
 36206 | Gauntlet | Reached skill level 15 in Axes
 36310 | Gauntlet | Gained mutation: You are dopey. (Int -2) [a neqoxec]
 36334 | Gauntlet | Got a faintly glowing helmet
 36386 | Gauntlet | Identified the cursed +1 shortbow of the Ass {venom, rElec
                  | rF+ rN++ Str+2}
 36404 | Gauntlet | Identified the Disquisition on the Compass
 36613 | Orc:2    | Found a staircase to the Elven Halls.
 37463 | Orc:2    | Found Urumoivi's Armour Boutique.
 37463 | Orc:2    | Found Veor's Antique Armour Emporium.
 37722 | Orc:2    | Found a roughly hewn altar of Beogh.
 37725 | Orc:2    | Received a gift from Trog
 37798 | Orc:2    | Found Erazef's Antique Armour Emporium.
 37798 | Orc:2    | Found Ixaiffu's Book Boutique.
 37816 | Orc:2    | Bought a warped cloak for 313 gold pieces
 37818 | Orc:2    | Identified the +0 helmet of Altruism {Harm rC+ Slay+3} (You
                  | found it in a Gauntlet)
 38396 | Orc:2    | Bought a glowing crystal plate armour for 2822 gold pieces
 38426 | Orc:2    | Bought a scroll of enchant armour for 135 gold pieces
 38618 | Lair:2   | Identified the cursed -2 cloak of Wisdom {rN+} (You bought
                  | it in a shop on level 2 of the Orcish Mines)
 38794 | Swamp:4  | Entered Level 4 of the Swamp
 40298 | Swamp:4  | Got a decaying rune of Zot
 40638 | Snake:1  | Entered Level 1 of the Snake Pit
 40640 | Snake:1  | Noticed Asterion
 40642 | Snake:1  | Received a gift from Trog
 40644 | Snake:1  | Identified the cursed +0 pair of gloves of Anaesthesia
                  | {rElec Dex+3 Slay+2}
 40644 | Snake:1  | Noticed Nikola
 40654 | Lair:4   | Killed Asterion
 40655 | Lair:4   | Reached XP level 17. HP: 116/162 MP: 17/17
 41164 | Snake:1  | Killed Nikola
 41193 | Snake:1  | Noticed Aizul
 41194 | Snake:1  | HP: 8/162 [salamander/+0 trident (6)]
 41197 | Snake:1  | Slain by a salamander

Illustrated notes

Levels and vault maps discovered:
D:1:      erik_arrival_orb_chamber, layout_loops_ring
D:2:      layout_basic, gammafunk_temple_overflow_wave
D:3:      layout_basic, okawaru_altar_gauntlet_db
D:4:      layout_basic, grunt_temple_overflow_open, portal_sewer_entry_f,
          serial_park_tiny_2, guppyfry_shop_venom
D:5:      layout_cave_pools, nrook_mini_backslash, dk_noncrumbling_4, uniq_pikel
D:6:      cheibrodos_steamvent, layout_basic, lemuel_doored_altar, uniq_sigmund,
          uniq_blork_the_orc, uniq_prince_ribbit1, uniq_menkaure
D:7:      layout_loops_ring, overflow_temple_1_default,
          overflow_temple_1_default, lemuel_zombie_altar_yredelemnul,
          minmay_temple_entry_large_hall, serial_shops, nicolae_shop_crystal,
          minmay_misc_feat_diagonals
D:8:      layout_basic, eat_drink_and_be_merry_uskayaw,
          amethyst_overflow_temple_binary, basic_altar, abandoned_shop
D:9:      layout_roguey, erik_lair_orcish_takeover, gammafunk_ghost_ooze,
          uniq_gastronok
D:10:     layout_irregular_city, minmay_statues_item,
          minmay_guarded_unrand_staff_of_olgreb, uniq_psyche
D:11:     layout_basic, erik_orc_2, uniq_maurice
D:12:     layout_basic, enter_trove_6, ebering_ghost_gozag,
          serial_bayou_lagoon_a, nicolae_benzene_ring
D:13:     layout_small_grid, grunt_vaults_entry_tiered, uniq_snorg
D:14:     layout_roguey, minmay_misc_feat_tower, serial_shops, shop,
          kennysheep_generic_room_7, uniq_rupert
D:15:     grunt_enter_depths_snipers, layout_basic, minmay_misc_feat_pillars,
          special_room [special_room_bee], minivault_4
Lair:1:   layout_loops_ring, beast_lair_carwin_9, infiniplex_staircase_pool
Lair:2:   layout_cave_shapes, minmay_lair_oklob_chamber, serial_bayou_shore_a,
          uniq_harold
Lair:3:   layout_cave_pods, serial_bayou_ford_a
Lair:4:   gammafunk_cloud_chamber, layout_cave_pods, skrybe_swamp_entry_bodies,
          minmay_snake_entry_spellcaster, basic_altar, lemuel_fruit_fields
Lair:5:   layout_regular_city, eino_house_with_fridge, grunt_megastairs_3
Lair:6:   cheibrodos_lair_end_hotspot, layout_regular_city, slime_altar_1,
          basic_altar
Swamp:1:  layout_falls_marsh, evilmike_swamp_ruin_rubble_1, swamp_pool2
Swamp:2:  layout_basic_swamp, evilmike_swamp_ruin_house_6,
          nicolae_swamp_triple_paths
Swamp:3:  layout_basic_swamp, nicolae_swamp_round_clearing
Swamp:4:  swamp_icy, layout_basic_swamp, swamp_pool3
Snake:1:  layout_cave_shapes, uniq_nikola, uniq_asterion, uniq_aizul
Orc:1:    cheibrodos_orc_bank, layout_diamond_mine, serial_shops,
          nicolae_shop_crystal, bloody_trog
Orc:2:    st_orc_town, layout_caves, gauntlet_entry_generic, serial_shops, shop

Skill      XL: |  1  2  3  4  5  6  7  8  9 10 11 12 13 14 15 16 |
---------------+-------------------------------------------------+-----
Dodging        | 2 3 4 5 6 7 8 9 10 11 12 | 12.1
Armour         | 2 3 4 5 6 7 8 9 10 11 12 | 12.1
Maces & Flails | 4 5 6 8 9 11 | 11.9
Fighting       | 4 5 6 7 8 9 10 11 12 13 14 | 14.2
Axes           | 4 7 10 12 14 15 | 15.8

Action                   |  1- 3 |  4- 6 |  7- 9 | 10-12 | 13-15 | 16-18 || total
-------------------------+-------+-------+-------+-------+-------+-------++-------
Melee: Mace              |   107 |   159 |   295 |   396 |       |       ||   957
       Tailslap          |     7 |    16 |    47 |   116 |   172 |   115 ||   473
       Battleaxe         |       |       |       |   195 |  1017 |   564 ||  1776
       Whip              |       |       |       |    37 |       |       ||    37
Throw: Throwing net      |       |       |       |       |       |     1 ||     1
Invok: Berserk           |       |     2 |     5 |     6 |     7 |     7 ||    27
       Trog's Hand       |       |       |     2 |     1 |     8 |     4 ||    15
       Brothers in Arms  |       |       |       |       |     1 |     2 ||     3
 Abil: Rolling Charge    |    13 |    22 |    38 |    69 |   184 |   109 ||   435
Evoke: Wand              |       |       |    17 |    33 |    44 |    16 ||   110
  Use: Scroll            |     8 |     2 |     5 |    13 |    20 |    23 ||    71
       Potion            |       |       |     1 |     6 |     4 |     8 ||    19
 Stab: Paralysed         |       |       |     1 |     7 |       |     5 ||    13
       Petrified         |       |       |       |     3 |       |       ||     3
       Distracted        |       |       |       |     1 |     1 |       ||     2
       Invisible         |       |       |       |       |       |     2 ||     2
Armor: Scale mail        |    51 |    48 |    55 |       |       |       ||   154
       Animal skin       |     1 |       |       |       |       |       ||     1
       Chain mail        |       |       |    64 |   214 |   479 |   176 ||   933
       Plate armour      |       |       |       |       |    22 |       ||    22
Dodge: Dodged            |    53 |    65 |   116 |   171 |   493 |   237 ||  1135
Block: Other             |     3 |    41 |    55 |    99 |   222 |    81 ||   501
       Reflection        |       |     2 |     1 |     2 |    11 |     7 ||    23
